 Dungeon Crawl Stone Soup version 0.31-a0-152-g6aa68a64a1 (webtiles) character file.

Game seed: 15195518950198672786

14217 mopl the Cleaver (level 12, -1/106 HPs)
             Began as a Hill Orc Fighter on June 9, 2023.
             Was a Believer of Beogh.
             Killed from afar by an efreet (25 damage)
             ... with a bolt of fire
             ... in a Gauntlet.
             The game lasted 00:20:38 (10024 turns).

mopl the Cleaver (Hill Orc Fighter)                Turns: 10024, Time: 00:20:39

Health: -1/106     AC: 14    Str: 20    XL:     12   Next: 14%
Magic:  15/15      EV: 14    Int: 11    God:    Beogh [**....]
Gold:   742        SH:  0    Dex: 14    Spells: 11/11 levels left

rFire   . . .        a - +4 battleaxe
rCold   . . .        (shield currently unavailable)
rNeg    . . .        M - +0 acid dragon scales
rPois   .            e - +2 helmet {Int+3}
rElec   .            (no cloak)
rCorr   +            A - +0 pair of gloves
SInv    .            i - +0 pair of boots
Will    +....        n - amulet of regeneration
Stlth   +            q - ring of willpower
HPRegen 1.17/turn    D - ring of flight
MPRegen 0.14/turn

%: no teleportation
@: flying
A: no striking features
a: Renounce Religion, Smiting


You were in a Gauntlet.
You worshipped Beogh.
Beogh was pleased with you.
You visited 2 branches of the dungeon, and saw 12 of its levels.
You also visited: Gauntlet.

You collected 742 gold pieces.

Inventory:

Hand Weapons
 a - a +4 battleaxe (weapon)
 b - a +6 dagger of speed
 v - a +0 dagger of venom
 N - a +6 demon trident
 Q - a +0 broad axe
Missiles
 d - 6 javelins
 u - 15 boomerangs
 y - a poisoned dart (quivered)
 I - a curare-tipped dart
 P - 2 boomerangs of dispersal
Armour
 c - a +2 hat
 e - a +2 helmet of intelligence (worn)
 i - a +0 pair of boots (worn)
 A - a +0 pair of gloves (worn)
 M - +0 acid dragon scales (worn)
Jewellery
 n - an amulet of regeneration (around neck)
 q - a ring of willpower (left hand)
 D - a ring of flight (right hand)
Wands
 p - a wand of flame (55)
 r - a wand of digging (8)
 J - a wand of mindburst (2)
 L - a wand of polymorph (2)
Scrolls
 g - 5 scrolls of identify
 h - a scroll of poison
 j - 2 scrolls of teleportation {unknown}
 k - a scroll of immolation {unknown}
 o - a scroll of enchant armour {unknown}
 t - 3 scrolls of summoning {unknown}
 x - 2 scrolls of amnesia {unknown}
 B - a scroll of blinking {unknown}
 F - a scroll of silence {unknown}
 O - 2 scrolls of enchant weapon {unknown}
Potions
 m - 2 potions of enlightenment
 s - 3 potions of curing
 w - 2 potions of magic
 z - 2 potions of haste
 G - a potion of lignification {!q}
 K - a potion of cancellation
Miscellaneous
 S - a phantom mirror


   Skills:
 + Level 9.9 Fighting
 * Level 13.9 Axes
 + Level 6.6 Throwing
 + Level 8.9 Armour
 + Level 6.0 Dodging
 - Level 3.2 Shields
 + Level 4.4 Invocations
 + Level 5.1 Evocations


You had 11 spell levels left.
You didn't know any spells.
Your spell library contained the following spells:

 Spells                   Type           Power      Damage    Failure   Level
 Beastly Appendage        Tmut           0%         N/A       41%         1
 Sublimation of Blood     Necr           0%         N/A       54%         2
 Wereblood                Tmut           0%         N/A       54%         2
 Spider Form              Tmut/Pois      0%         N/A       78%         3
 Volatile Blastmotes      Fire/Tloc      0%         2d10      78%         3
 Fulminant Prism          Conj/Hex       0%         3d5       99%         4
 Iskenderun's Mystic Bla  Conj/Tloc      0%         2d3       99%         4
 Lee's Rapid Deconstruct  Erth           0%         3d4*      100%        5
 Summon Hydra             Summ           0%         N/A       100%        7


Dungeon Overview and Level Annotations

Branches:
Dungeon (11/15)            Temple (0/1) D:7            Lair (1/5) D:8
    Orc (0/2) D:11        Gauntlet (1/1)

Altars:
Ashenzari
Cheibriados
Dithmenos
Fedhas
Gozag
Kikubaaqudgha
Makhleb
Okawaru
Sif Muna
Trog
Uskayaw
Vehumet
Wu Jian
Yredelemnul
Zin
The Shining One

Portals:
Trove: D:11 (give +6 demon blade)

Annotations:
Gauntlet 7 runed translucent doors, 9 transporters


Message History

The fire elemental completely misses you.
The hell hound closely misses you. The hell hound breathes flames at you.
The blast of flame hits you but does no damage.
You hit the efreet but do no damage. You slash the hell hound!
You slash the fire elemental!
You destroy the fire elemental!
Beogh accepts your kill.
You hit the hell hound.
You kill the hell hound!
Beogh accepts your kill. The hell hound closely misses you.
The hell hound barely misses you.
The efreet hits you with a +2 scimitar of flaming!
The efreet burns you. The hell hound barely misses you.
You slash the efreet!
The efreet is moderately wounded.
You slice the hell hound!! You barely miss the hell hound.
The hell hound barely misses you. The hell hound misses you.
The efreet gestures at you.
The fireball explodes!
The fireball engulfs you!!
* * * LOW HITPOINT WARNING * * *
The fireball engulfs the hell hound.
The hell hound completely resists.
The fireball engulfs the efreet.
The efreet completely resists.
The fireball engulfs the hell hound.
The hell hound completely resists.
You feel much better. The hell hound barely misses you.
The hell hound closely misses you. The hell hound barely misses you.
The efreet hits you with a +2 scimitar of flaming.
* * * LOW HITPOINT WARNING * * *
The efreet burns you.
* * * LOW HITPOINT WARNING * * *
The hell hound bites you but does no damage.
You slash the efreet!
The efreet is severely wounded.
You slash the hell hound!
You kill the hell hound!
Beogh accepts your kill.
You closely miss the hell hound. The hell hound completely misses you.
The efreet gestures at you. The bolt of fire hits you!!
You die...

#.....#.©. .©.#....
###..###########...###
#######.
#8#..#E.≈[©!.§|#...#..
.©!=..#.
###..#R≈..§≈.≈.#...#..
......#. #..#h§≈.§.§..#...#.#
#####.#.
###..#.≈.§§§.§.#...#.#
#.#.#.#.
#8#..#≈..§§≈.§≈#...#w.
.©....#.
###..#§.≈...§h§#...##.
.#.#.##. #..#§≈.§§.§R@#...#w#
#####.#.
###..#.≈.§≈.§§†#...#..
.....w#.
#8#..#.§≈§...≈.#...#..
...www#.
###..###########...###
#######. #.....#.©.#....≈....
.©.#....
###...8.#...#...≈8≈...
...#.8..
#8#.....#.©.#....≈....
.©.#....
###..###########...###
#######.
#..#....Y.)..#...#....©![..#.


You could see an efreet, 2 swamp worms and a hell hound.

Vanquished Creatures
  Gastronok (D:8)
  2 two-headed ogres
  A lindwurm (D:11)
  A cyclops (D:11)
  A manticore (D:11)
  A torpor snail (Lair:1)
  2 gargoyles (Gauntlet)
  2 komodo dragons
  2 trolls
  Prince Ribbit (D:5)
  Sigmund (D:6)
  A wraith (D:11)
  A wyvern (D:9)
  11 yaks
  2 fire elementals (Gauntlet)
  3 steam dragons
  Menkaure (D:3)
  An acid dragon (D:9)
  Edmund (D:6)
  4 water moccasins
  2 hell hounds (Gauntlet)
  6 orc warriors
  3 ice beasts
  3 black bears
  3 ogres
  A sky beast (D:8)
  2 phantoms
  2 centaurs (D:11)
  6 bullfrogs
  A kobold brigand (D:9)
  A gnoll sergeant (D:5)
  A necrophage (D:3)
  5 scorpions
  8 wights
  22 killer bees
  8 howler monkeys
  A crimson imp (D:7)
  3 hounds
  A jelly (D:7)
  A gnoll bouda (D:5)
  3 orc priests
  A sleepcap (D:5)
  An iron imp (D:4)
  Jessica (D:3)
  Terence (D:2)
  3 iguanas
  4 orc wizards
  12 gnolls
  6 adders
  2 shadow imps
  A white imp (D:5)
  A worm (D:4)
  27 orcs
  6 ball pythons
  5 bats
  6 endoplasms
  3 giant cockroaches
  10 goblins
  6 hobgoblins
  4 jackals
  7 kobolds
  A quokka (D:1)
  2 frilled lizards
  2 giant cockroach zombies (D:3)
  4 rats
239 creatures vanquished.

Vanquished Creatures (others)
  An orc priest (D:8)
  An orc wizard (D:8)
  An orc (D:8)
  A kobold (D:9)
4 creatures vanquished.

Grand Total: 243 creatures vanquished

Notes
Turn   | Place    | Note
-------+----------+-------------------------------------------
     0 | D:1      | mopl the Hill Orc Fighter began the quest for the Orb.
     0 | D:1      | Reached XP level 1. HP: 19/19 MP: 1/1
   152 | D:1      | Reached skill level 3 in Axes
   288 | D:1      | Reached XP level 2. HP: 25/27 MP: 2/2
   851 | D:2      | Reached XP level 3. HP: 28/33 MP: 3/3
   872 | D:1      | Reached skill level 4 in Fighting
   983 | D:1      | Reached skill level 4 in Axes
   983 | D:1      | Reached skill level 1 in Dodging
  1039 | D:2      | Reached XP level 4. HP: 31/40 MP: 4/4
  1226 | D:2      | Noticed Terence
  1233 | D:2      | Killed Terence
  1433 | D:3      | Noticed Jessica
  1447 | D:3      | Killed Jessica
  1448 | D:3      | Reached skill level 4 in Armour
  1448 | D:3      | Reached XP level 5. HP: 41/47 MP: 5/5
  1572 | D:3      | Found a transporter.
  1575 | D:3      | Found a transporter.
  1803 | D:3      | Found an ancient bone altar of Kikubaaqudgha.
  1805 | D:3      | Noticed Menkaure
  1808 | D:3      | Found a basalt altar of Yredelemnul.
  2154 | D:4      | Reached skill level 5 in Axes
  2154 | D:4      | Reached skill level 1 in Throwing
  2270 | D:4      | Found a snail-covered altar of Cheibriados.
  2276 | D:4      | Reached XP level 6. HP: 53/53 MP: 6/6
  2374 | D:5      | Entered Level 5 of the Dungeon
  2606 | D:4      | Reached skill level 5 in Fighting
  2606 | D:4      | Reached skill level 6 in Axes
  2606 | D:4      | Reached skill level 2 in Dodging
  2700 | D:4      | Reached XP level 7. HP: 60/61 MP: 7/7
  2917 | D:5      | Reached skill level 2 in Throwing
  3046 | D:5      | Noticed Prince Ribbit
  3134 | D:5      | Killed Prince Ribbit
  3135 | D:5      | Reached skill level 7 in Axes
  3135 | D:5      | Reached skill level 5 in Armour
  3135 | D:5      | Reached XP level 8. HP: 49/70 MP: 8/8
  3429 | D:5      | Found an opulent altar of Gozag.
  3472 | D:5      | Reached skill level 6 in Fighting
  3472 | D:5      | Reached skill level 3 in Throwing
  3477 | D:5      | Reached skill level 8 in Axes
  3477 | D:5      | Reached skill level 3 in Dodging
  3638 | D:5      | Found an ornate altar of the Wu Jian Council.
  3943 | D:6      | Reached skill level 9 in Axes
  3943 | D:6      | Reached skill level 6 in Armour
  3943 | D:6      | Reached XP level 9. HP: 65/78 MP: 9/9
  4082 | D:6      | Reached skill level 7 in Fighting
  4082 | D:6      | Reached skill level 4 in Throwing
  4099 | D:6      | Noticed Sigmund
  4153 | D:6      | Killed Sigmund
  4216 | D:6      | Noticed Edmund
  4235 | D:6      | Killed Edmund
  4236 | D:6      | Reached skill level 10 in Axes
  4236 | D:6      | Reached skill level 4 in Dodging
  4243 | D:6      | Found a blossoming altar of Fedhas.
  4702 | D:7      | Found a shimmering blue altar of Sif Muna.
  4840 | D:7      | Reached skill level 1 in Evocations
  4956 | D:7      | Found a staircase to the Ecumenical Temple.
  5155 | D:7      | Found a burning altar of Makhleb.
  5155 | D:7      | Found a radiant altar of Vehumet.
  5397 | D:8      | Noticed a komodo dragon
  5533 | D:7      | Reached XP level 10. HP: 31/88 MP: 10/10
  5674 | D:7      | Reached skill level 11 in Axes
  5674 | D:7      | Reached skill level 7 in Armour
  5674 | D:7      | Reached skill level 2 in Evocations
  5769 | D:8      | Became a worshipper of Beogh the Brigand
  5899 | D:8      | Reached skill level 8 in Fighting
  5944 | D:8      | Noticed a two-headed ogre
  6194 | D:8      | Reached skill level 5 in Throwing
  6481 | D:8      | Found a bloodstained altar of Trog.
  6481 | D:8      | Found an iron altar of Okawaru.
  6595 | D:8      | Noticed Gastronok
  6618 | D:8      | Killed Gastronok
  6619 | D:8      | Reached skill level 5 in Dodging
  6619 | D:8      | Reached skill level 3 in Evocations
  6722 | D:8      | Reached skill level 12 in Axes
  6734 | D:8      | Found a staircase to the Lair.
  6994 | D:9      | Reached XP level 11. HP: 95/95 MP: 11/11
  7200 | D:9      | Reached * piety under Beogh
  7208 | D:9      | Found a glowing golden altar of the Shining One.
  7209 | D:9      | Found a shadowy altar of Dithmenos.
  7209 | D:9      | Found a broken altar of Ashenzari.
  7210 | D:9      | Found a glowing silver altar of Zin.
  7434 | D:9      | Reached skill level 1 in Invocations
  7591 | D:10     | Entered Level 10 of the Dungeon
  7719 | D:9      | Reached skill level 9 in Fighting
  7817 | D:9      | Reached skill level 8 in Armour
  8054 | D:10     | Found a hide-covered altar of Uskayaw.
  8184 | D:10     | Identified the +2 ring mail "Haipuar" {-Tele rF+ Str+2
                  | Int+4}
  8191 | D:10     | Noticed a two-headed ogre
  8205 | D:10     | Reached skill level 4 in Evocations
  8481 | D:10     | Killed a two-headed ogre
  8482 | D:10     | Reached skill level 6 in Throwing
  8482 | D:10     | Reached skill level 2 in Invocations
  8594 | D:11     | Reached skill level 13 in Axes
  8855 | D:11     | Noticed Urug
  8856 | D:11     | Urug changed into Urug the lindwurm
  8856 | D:11     | Noticed Urug
  8857 | D:11     | Noticed a two-headed ogre
  8866 | D:11     | Killed Urug the lindwurm
  8867 | D:11     | Killed a two-headed ogre
  8868 | D:11     | Reached skill level 3 in Invocations
  8886 | D:11     | Noticed a cyclops
  8894 | D:11     | Killed a cyclops
  9003 | D:11     | Found a portal to a secret trove of treasure.
  9075 | D:11     | Noticed a manticore
  9090 | D:11     | Killed a manticore
  9155 | D:11     | Reached ** piety under Beogh
  9193 | D:11     | Found a staircase to the Orcish Mines.
  9531 | D:3      | Killed Menkaure
  9691 | Lair:1   | Entered Level 1 of the Lair of Beasts
  9726 | Lair:1   | Reached skill level 4 in Invocations
  9731 | Lair:1   | Reached skill level 5 in Evocations
  9731 | Lair:1   | Reached XP level 12. HP: 18/106 MP: 13/15
  9784 | Lair:1   | Found a gate leading to a gauntlet.
  9791 | Gauntlet | Entered a Gauntlet
  9791 | Gauntlet | Noticed a catoblepas
  9791 | Gauntlet | Noticed a tengu warrior
  9791 | Gauntlet | Found a large runed translucent door.
  9791 | Gauntlet | Found a large runed translucent door.
  9791 | Gauntlet | Found a large runed translucent door.
  9791 | Gauntlet | Found a large runed translucent door.
  9791 | Gauntlet | Found a runed translucent door.
  9791 | Gauntlet | Found a large runed translucent door.
  9791 | Gauntlet | Found a large runed translucent door.
  9791 | Gauntlet | Found a transporter.
  9791 | Gauntlet | Found a transporter.
  9791 | Gauntlet | Found a large runed translucent door.
  9791 | Gauntlet | Found a large runed translucent door.
  9791 | Gauntlet | Found a runed translucent gate.
  9791 | Gauntlet | Found a runed translucent gate.
  9791 | Gauntlet | Found a transporter.
  9795 | Gauntlet | Found a runed translucent door.
  9796 | Gauntlet | Found a large runed translucent door.
  9796 | Gauntlet | Found a large runed translucent door.
  9796 | Gauntlet | Found a large runed translucent door.
  9796 | Gauntlet | Found a large runed translucent door.
  9797 | Gauntlet | Found a large runed translucent door.
  9797 | Gauntlet | Found a large runed translucent door.
  9798 | Gauntlet | Found a large runed translucent door.
  9798 | Gauntlet | Found a large runed translucent door.
  9808 | Gauntlet | Found a runed translucent gate.
  9814 | Gauntlet | Found a transporter.
  9824 | Gauntlet | Found a transporter.
  9828 | Gauntlet | Found a transporter.
  9838 | Gauntlet | Found a transporter.
  9838 | Gauntlet | Noticed a catoblepas
  9859 | Gauntlet | Noticed an entropy weaver
  9862 | Gauntlet | Found a transporter.
  9880 | Gauntlet | Found a transporter.
  9884 | Gauntlet | Found a transporter.
  9894 | Gauntlet | Found a transporter.
  9898 | Gauntlet | Found a transporter.
  9963 | Gauntlet | Reached skill level 6 in Dodging
 10024 | Gauntlet | Killed from afar by an efreet

Illustrated notes

Levels and vault maps discovered:
D:1:      dpeg_arrival_stone_temple_mockup, layout_basic,
          chequers_serial_rivers_marsh
D:2:      layout_rooms, uniq_terence
D:3:      layout_basic, gammafunk_temple_of_torment, uniq_jessica
D:4:      layout_loops_ring, slow_altar_2
D:5:      layout_loops_ring, kennysheep_mini_moat, kennysheep_little_box,
          grunt_ministairs_8, uniq_prince_ribbit1
D:6:      layout_cave_pools, fedhas_altar_1, sigmund_edmund_badplayer
D:7:      layout_loops_corners, grunt_temple_overflow_lords_of_destruction,
          mainiacjoe_overflow_small_starburst, minmay_temple_entry_mini_moons,
          minmay_misc_feat_alley
D:8:      layout_basic, grunt_temple_overflow_bloody_war,
          grunt_lair_entry_orc_guard_hut, uniq_gastronok
D:9:      layout_stronghold, chequers_temple_overflow_statue_of_worship
D:10:     layout_basic, mainiacjoe_overflow_chevrons, kennysheep_generic_room_11
D:11:     layout_cave_pools, hiddenorc1_lemuel, trove_entry_hex_spiral,
          uniq_urug
Lair:1:   layout_chaotic_city, gauntlet_entry_generic
Gauntlet: gammafunk_gauntlet_hard_choice
          [minmay_gauntlet_arena_make_your_own_arena,
          gammafunk_gauntlet_arena_grid, nicolae_gauntlet_arena_flowing_pool,
          gammafunk_gauntlet_arena_teeth, nicolae_gauntlet_arena_t_cross,
          gammafunk_gauntlet_arena_mazey, gauntlet_exit_green]

Skill      XL: |  1  2  3  4  5  6  7  8  9 10 11 12 |
---------------+-------------------------------------+-----
Axes           | 3 4 5 6 7 9 10 12 13 | 13.9
Fighting       | 4 5 6 7 8 9 |  9.9
Dodging        | 1 2 3 4 5 6 |  6.0
Armour         | 4 5 6 7 8 |  8.9
Throwing       | 1 2 3 4 5 6 |  6.6
Evocations     | 1 3 5 |  5.1
Invocations    | 4 |  4.4
Shields        | |  3.2

Action                     |  1- 3 |  4- 6 |  7- 9 | 10-12 || total
---------------------------+-------+-------+-------+-------++-------
  Melee: War axe           |    69 |   157 |   295 |    87 ||   608
         Unarmed           |       |       |     2 |     4 ||     6
         Battleaxe         |       |       |       |   313 ||   313
  Throw: Dart              |       |    12 |     8 |     5 ||    25
         Boomerang         |       |       |       |     2 ||     2
 Invoke: Convert to Beogh  |       |       |       |     1 ||     1
  Evoke: Wand              |       |       |       |     6 ||     6
    Use: Scroll            |       |     4 |     4 |     5 ||    13
         Potion            |       |     1 |     2 |     8 ||    11
 Armour: Scale mail        |    39 |    48 |     1 |       ||    88
         Chain mail        |       |       |   137 |    10 ||   147
         Skin              |       |       |     5 |     5 ||    10
         Plate armour      |       |       |       |   173 ||   173
         Acid dragon scale |       |       |       |    78 ||    78
  Dodge: Dodged            |    26 |    68 |   152 |   268 ||   514
  Block: Buckler           |    15 |    47 |    82 |    15 ||   159

Table legend: (Time is in decaauts)
 A = Elapsed time spent in this place.
 B = Non-inter-level travel time spent in this place.
 C = Inter-level travel time spent in this place.
 D = Time resting spent in this place.
 E = Time spent auto-exploring this place.
 F = Levels seen in this place.
 G = Mean time per level.
                   A        B        C        D        E       F      G
               +--------+--------+--------+--------+--------+-----+--------+
         Total |  10215 |   9310 |    905 |    727 |   5951 |  13 |  785.8 |
       Dungeon |   9886 |   8981 |    905 |    727 |   5951 |  11 |  898.7 |
          Lair |     95 |     95 |      0 |      0 |      0 |   1 |   95.0 |
      Gauntlet |    232 |    232 |      0 |      0 |      0 |   1 |  232.0 |
               +--------+--------+--------+--------+--------+-----+--------+

Top non-repeatable levels by time:
     D:7: 1346 daAuts
     D:5: 1166 daAuts
     D:8: 1158 daAuts
     D:1: 1048 daAuts
     D:9: 981 daAuts
     D:3: 923 daAuts
    D:10: 822 daAuts
    D:11: 757 daAuts
     D:4: 735 daAuts
     D:6: 609 daAuts
     D:2: 338 daAuts
Gauntlet: 232 daAuts
  Lair:1: 95 daAuts
